 Dungeon Crawl Stone Soup version 0.25-a0-1126-g5fd7b56c60 (webtiles) character file.

Game seed: 1450678845037239388, levelgen mode: deterministic

112 RaHiT the Slasher (level 4, -2/35 HPs)
             Began as a Demonspawn Chaos Knight on May 19, 2020.
             Was a Plaything of Xom.
             Slain by an adder (3 damage)
             ... on level 3 of the Dungeon.
             The game lasted 00:08:40 (1561 turns).

RaHiT the Slasher (Demonspawn Chaos Knight)         Turns: 1561, Time: 00:08:41

Health: -2/35      AC:  3    Str: 14    XL:     4   Next: 64%
Magic:  4/4        EV: 12    Int: 13    God:    Xom [..*...]
Gold:   164        SH:  3    Dex: 14    Spells: 3/3 levels left

rFire    + . .     SeeInvis .   a - +0 falchion (chaos)
rCold    + . .     Gourm    .   j - +0 buckler
rNeg     . . .     Faith    .   f - +1 robe {rC+ rF+}
rPois    .         Spirit   .   (no helmet)
rElec    .         Reflect  .   (no cloak)
rCorr    .         Harm     .   (no gloves)
MR       .....                  (no boots)
Stlth    ++........             (no amulet)
HPRegen  0.11/turn              l - ring of stealth
MPRegen  0.09/turn              (no ring)

@: lethally poisoned (-2 -> -13)
A: claws 1, demonic guardian 1, powered by death 1, strong 1
a: Renounce Religion


You were on level 3 of the Dungeon.
You worshipped Xom.
You were a toy of Xom.
You were not hungry.

You visited 1 branch of the dungeon, and saw 3 of its levels.

You collected 164 gold pieces.

Inventory:

Hand Weapons
 a - a +0 falchion of chaos (weapon)
Missiles
 d - 61 sling bullets
 e - 50 stones (quivered)
Armour
 b - a +2 leather armour
 f - a +1 robe of resistance (worn)
 i - a +0 ring mail
 j - a +0 buckler (worn)
Jewellery
 l - a ring of stealth (left claw)
Scrolls
 k - a scroll of identify
Potions
 h - a potion of flight
 m - a potion of berserk rage
Comestibles
 c - 3 rations


   Skills:
 - Level 3.0 Fighting
 * Level 3.5 Long Blades
 + Level 2.0 Throwing
 - Level 2.0 Armour
 + Level 2.3 Dodging
 + Level 0.1 Shields


You had 3 spell levels left.
You didn't know any spells.
Your spell library was empty.

Dungeon Overview and Level Annotations

Branches:
Dungeon (3/15)

Altars:
Hepliaklqana


Innate Abilities, Weirdness & Mutations

You have sharp fingernails.
A weak demonic guardian rushes to your aid.
You regenerate a little health from kills.
Your muscles are strong. (Str +2)


Message History

You are more poisoned.
The adder poisons you! You block the adder's attack.
You closely miss the adder.
You feel sick. The adder misses you.
You hit the adder.
The adder flickers and vanishes!
Deactivating autopickup; reactivate with Ctrl-A.
You feel sick. You block something's attack.
You hit something.
You feel sick. Something bites you.
You are lethally poisoned!
Something poisons you! Something barely misses you.
You completely miss something.
You feel sick. Something bites you but does no damage. Something bites you.
* * * LOW HITPOINT WARNING * * *
You barely miss something.
* * * LOW HITPOINT WARNING * * *
You feel sick. Something bites you.
* * * LOW HITPOINT WARNING * * *
You miss something.
* * * LOW HITPOINT WARNING * * *
You feel sick. Something bites you.
You die...

.. . #.
####.#######
...........##
.........?..##
..!..........#
.......@.....#
......{......#
(.....(......#
.......?.....#
.............#
............##
.....#.....##
############


There were no monsters in sight!

Vanquished Creatures
  6 adders (D:2)
  2 worms (D:2)
  2 dart slugs (D:2)
  A ball python (D:2)
  3 bats
  7 goblins
  12 hobgoblins
  A quokka (D:2)
  4 frilled lizards
  5 kobolds
  6 rats
49 creatures vanquished.

Vanquished Creatures (collateral kills)
  A bat (D:2)
  A hobgoblin (D:2)
2 creatures vanquished.

Grand Total: 51 creatures vanquished

Notes
Turn   | Place    | Note
-------+----------+-------------------------------------------
     0 | D:1      | RaHiT the Demonspawn Chaos Knight began the quest for the
                  | Orb.
     0 | D:1      | Reached XP level 1. HP: 18/18 MP: 1/1
    45 | D:1      | Reached skill level 1 in Dodging
   176 | D:1      | XOM: divination: detect items
   183 | D:1      | Gained mutation: You regenerate a little health from kills.
                  | [demonic ancestry]
   183 | D:1      | Reached XP level 2. HP: 24/24 MP: 2/2
   284 | D:1      | XOM: torment (13/24 hp)
   634 | D:2      | XOM: 3-stop teleportation journey
   644 | D:2      | XOM: silly message
   646 | D:2      | Reached skill level 1 in Throwing
   657 | D:2      | Found a hazy altar of Hepliaklqana.
   728 | D:2      | Gained mutation: A weak demonic guardian rushes to your
                  | aid. [demonic ancestry]
   728 | D:2      | Reached XP level 3. HP: 29/29 MP: 3/3
  1107 | D:2      | Gained mutation: You have sharp fingernails. [demonic
                  | ancestry]
  1107 | D:2      | Reached XP level 4. HP: 28/35 MP: 4/4
  1338 | D:2      | XOM: give mutation
  1338 | D:2      | Gained mutation: Your muscles are strong. (Str +2) [Xom's
                  | grace]
  1561 | D:3      | HP: 1/35 [poisoned by an adder]
  1561 | D:3      | Slain by an adder

Illustrated notes

Levels and vault maps discovered:
D:1:      minmay_arrival_plants_in_alcoves, layout_rooms
D:2:      layout_rooms, old_standard_altar
D:3:      layout_rooms, uniq_robin

Skill      XL: |  1  2  3  4 |
---------------+-------------+-----
Dodging        | 1 2 |  2.3
Armour         | 2 |  2.0
Long Blades    | 3 |  3.5
Throwing       | 1 2 |  2.0
Fighting       | |  3.0
Shields        | |  0.1

Action                   |  1- 3 |  4- 6 || total
-------------------------+-------+-------++-------
Melee: Falchion          |    95 |    41 ||   136
Throw: Stone             |    33 |    25 ||    58
  Use: Scroll            |     3 |     1 ||     4
       Potion            |     3 |       ||     3
 Stab: Paralysed         |     1 |       ||     1
  Eat: Chunk             |     1 |     1 ||     2
Armor: Leather armour    |     1 |       ||     1
       Ring mail         |     5 |       ||     5
       Robe              |     6 |    10 ||    16
Dodge: Dodged            |    60 |    28 ||    88
Block: Buckler           |       |    10 ||    10
       Rpst.: Falchion   |    14 |    12 ||    26

Table legend:
 A = Non-vault XP
 B = Vault XP
 C = Vault XP percentage of total XP
 D = Non-vault monster count
 E = Vault monster count
 F = Vault count percentage of total count
                 A         B        C        D         E       F
            +---------+---------+-------+---------+---------+-------
      Total |     161 |       0 |   0.0 |      51 |       0 |   0.0
            +---------+---------+-------+---------+---------+-------
        D:1 |      25 |       0 |   0.0 |      16 |       0 |   0.0
        D:2 |     136 |       0 |   0.0 |      35 |       0 |   0.0
            +---------+---------+-------+---------+---------+-------
